 Dungeon Crawl Stone Soup version 0.29.1-12-g30fa7ad0bf (webtiles) character file.

Game seed: 7450894487192157829

1844 boopmooplesden the Cleaver (level 8, -2/73 HPs)
             Began as a Minotaur Berserker on Dec 21, 2022.
             Was an Elder of Trog.
             Slain by an orc wizard
             ... wielding a +0 dagger
              (5 damage)
             ... on level 5 of the Dungeon.
             The game lasted 00:05:39 (5678 turns).

boopmooplesden the Cleaver (Minotaur Berserker)     Turns: 5678, Time: 00:05:40

Health: -2/73      AC:  0    Str: 24    XL:     8   Next: 88%
Magic:  7/7        EV: 11    Int:  4    God:    Trog [****..]
Gold:   303        SH:  0    Dex: 10    Spells: 7/7 levels left

rFire   . . .      SeeInvis .   a - +1 hand axe
rCold   . . .      Faith    .   (no shield)
rNeg    . . .      Spirit   .   d - +1 scale mail
rPois   .          Reflect  .   (helmet restricted)
rElec   .          Harm     .   e - scarf {repulsion}
rCorr   .          Rampage  .   (no gloves)
Will    .....                   (no boots)
Stlth   ..........              (no amulet)
HPRegen 0.22/turn               (no ring)
MPRegen 0.10/turn               (no ring)

@: confused, corroded, on berserk cooldown, slowed, repel missiles, very slow
A: horns 2, retaliatory headbutt
a: Renounce Religion, Berserk, Trog's Hand, Brothers in Arms


You were on level 5 of the Dungeon.
You worshipped Trog.
Trog was greatly pleased with you.
You visited 1 branch of the dungeon, and saw 5 of its levels.
You also visited: Sewer.

You collected 303 gold pieces.

Inventory:

Hand Weapons
 a - a +1 hand axe (weapon)
Missiles
 n - 3 javelins (quivered)
Armour
 b - a +0 animal skin
 d - a +1 scale mail (worn)
 e - a scarf of repulsion (worn)
Jewellery
 u - a +6 ring of strength
Scrolls
 c - a scroll of fear {unknown}
 g - a scroll of enchant weapon
 l - 2 scrolls of immolation
 o - a scroll of teleportation
 r - a scroll of amnesia {unknown}
Potions
 f - 2 potions of ambrosia {unknown}
 h - 3 potions of cancellation
 i - 3 potions of brilliance
 j - a potion of attraction {unknown}
 k - 3 potions of haste
 m - a potion of might {unknown}
 p - 3 potions of curing {unknown}
 q - a potion of resistance {unknown}
 s - a potion of heal wounds {unknown}
 t - a potion of mutation {unknown}
 v - 2 potions of lignification {unknown}


   Skills:
 + Level 7.5 Fighting
 + Level 9.4 Axes
 + Level 6.8 Armour
 + Level 4.6 Dodging
 + Level 1.8 Stealth


You had 7 spell levels left.
You didn't know any spells.
Your spell library was empty.

Dungeon Overview and Level Annotations

Branches:
Dungeon (5/15)              Sewer (visited)
 Temple: D:4-7

Altars:


Innate Abilities, Weirdness & Mutations

You have a pair of horns on your head.
You reflexively headbutt those who attack you in melee.


Message History

You hear some strange, mumbled words.
Deactivating autopickup; reactivate with Ctrl-A.
Something tries to affect you, but you resist.
The orc wizard hits you with a +0 dagger.
* * * LOW HITPOINT WARNING * * *
You slash the orc wizard!
You kill the orc wizard!
Trog accepts your kill.
Trog appreciates your killing of a magic user.
You barely miss the orc wizard. You hit something.
The orc wizard mumbles some strange words.
The orc wizard flickers and vanishes!
Something hits you.
* * * LOW HITPOINT WARNING * * *
The orc wizard closely misses you.
Things that are here:
a +0 dagger; a +0 robe; an orc corpse You slash the orc wizard!
You kill the orc wizard!
Trog accepts your kill.
Trog appreciates your killing of a magic user.
You slash something! Trog accepts your kill.
Trog appreciates your killing of a magic user.
Reactivating autopickup.
You feel a bit more experienced.
You closely miss the orc wizard. The orc wizard casts a spell at you.
You are confused.
You completely miss the orc wizard. Your headbutt misses the orc wizard.
You closely miss the orc wizard.
Unknown command.
You are no longer berserk.
You are exhausted.
You feel yourself slow down.
The orc wizard gestures at you while chanting.
The magic dart hits you!
* * * LOW HITPOINT WARNING * * *
The orc wizard casts a spell at you. The puff of flame misses you.
The orc wizard hits you with a +0 dagger.
You die...

..## ###..### . #.
#.#.... .. #.###.###.#
... ## ##.#..:..#.# ....
.######..###.###)###.....
...........#.'.))).......
...## #..###.o.........
...#######......@..#.....
...#..............## ....
..........##.###.## .##
...#......##.###.# #
........# #..#..#
........## ##...## ..
..##..#..# #....# .#
#.##.##..###.##.###.#
.....##..#...##.#...#


You could see an orc wizard.

Vanquished Creatures
  A water moccasin (D:5)
  3 ice beasts (D:5)
  A black bear (D:4)
  An ogre (D:5)
  A phantom (D:5)
  5 kobold brigands (Sewer)
  A necrophage (D:5)
  3 scorpions
  A jelly (D:5)
  3 orc priests
  2 hounds
  7 orc wizards
  4 iguanas
  3 adders
  8 worms
  A dart slug (D:4)
  23 orcs
  4 ball pythons
  5 bats
  6 endoplasms
  9 giant cockroaches
  7 goblins
  4 hobgoblins
  3 jackals (D:2)
  9 kobolds
  6 quokkas
  A frilled lizard (D:2)
  11 rats
133 creatures vanquished.

Notes
Turn   | Place    | Note
-------+----------+-------------------------------------------
     0 | D:1      | boopmooplesden the Minotaur Berserker began the quest for
                  | the Orb.
     0 | D:1      | Reached XP level 1. HP: 19/19 MP: 0/0
   404 | D:1      | Found a faded altar of an unknown god.
   770 | D:1      | Reached XP level 2. HP: 27/27 MP: 1/1
  1237 | D:2      | Reached skill level 4 in Axes
  1744 | D:2      | Reached XP level 3. HP: 29/34 MP: 2/2
  2097 | D:3      | You fall into a shaft and drop 1 floor!
  2109 | D:4      | Reached ** piety under Trog
  2389 | D:3      | Reached XP level 4. HP: 9/41 MP: 3/3
  2743 | D:3      | Reached skill level 5 in Fighting
  2751 | D:3      | Reached XP level 5. HP: 48/48 MP: 4/4
  2754 | D:3      | Reached skill level 5 in Axes
  2945 | D:3      | Reached skill level 1 in Stealth
  3350 | D:4      | Noticed a black bear
  3360 | D:4      | Killed a black bear
  3361 | D:4      | Reached skill level 6 in Axes
  3361 | D:4      | Reached XP level 6. HP: 48/57 MP: 5/5
  4023 | D:5      | Entered Level 5 of the Dungeon
  4112 | D:5      | Found a glowing drain.
  4116 | Sewer    | Entered a sewer
  4194 | Sewer    | Reached *** piety under Trog
  4261 | Sewer    | Reached XP level 7. HP: 62/63 MP: 6/6
  4499 | Sewer    | Reached skill level 7 in Axes
  5221 | D:5      | Reached skill level 8 in Axes
  5221 | D:5      | Reached skill level 5 in Armour
  5221 | D:5      | Reached XP level 8. HP: 60/71 MP: 7/7
  5243 | D:5      | Reached **** piety under Trog
  5252 | D:5      | Reached skill level 9 in Axes
  5677 | D:5      | HP: 3/73 [orc wizard/magic dart (9)]
  5678 | D:5      | Slain by an orc wizard

Illustrated notes

Levels and vault maps discovered:
D:1:      giann_bridges, layout_basic, ebering_ecumenical_altar_sacrificial
D:2:      layout_loops_cross, grunt_ministairs_1, minmay_misc_feat_pillars
D:3:      layout_basic, minmay_misc_feat_roman, minivault_26
D:4:      layout_basic
D:5:      layout_rooms, gup_sewer_entry_spiral,
          minmay_a_box_with_orc_wizards_in_it

Skill      XL: |  1  2  3  4  5  6  7  8 |
---------------+-------------------------+-----
Fighting       | 4 5 6 7 |  7.5
Axes           | 4 6 8 9 |  9.4
Dodging        | 3 4 |  4.6
Stealth        | 1 |  1.8
Armour         | 3 5 6 |  6.8

Action                   |  1- 3 |  4- 6 |  7- 9 || total
-------------------------+-------+-------+-------++-------
Melee: Hand axe          |    80 |   142 |   163 ||   385
       Headbutt          |    12 |    17 |    30 ||    59
       Punch             |       |     1 |       ||     1
Invok: Berserk           |       |     1 |     2 ||     3
       Trog's Hand       |       |       |     1 ||     1
  Use: Scroll            |     6 |     5 |       ||    11
Armor: Animal skin       |    25 |     5 |       ||    30
       Scale mail        |       |    47 |    57 ||   104
Dodge: Dodged            |    52 |    57 |    65 ||   174
